[Event "11th KIIT Festival 2018"]
[Site "Bhubaneswar"]
[Date "2018.05.29"]
[Round "7"]
[White "Mitrabha, Guha"]
[Black "Srihari L R"]
[Result "1/2-1/2"]
[ECO "A10"]
[WhiteElo "2375"]
[BlackElo "2015"]
[Annotator "NA"]
[PlyCount "24"]
[EventDate "2018.??.??"]
[EventType "swiss"]
[EventCountry "IND"]
[SourceTitle "playchess.com"]
[Source "ChessBase"]
[SourceQuality "1"]
[TimeControl "5400+30"]

1. d3 g6 2. c4 Bg7 3. Nf3 f5 4. Nc3 Nf6 5. Bg5 (5. e4 d6 6. exf5 Bxf5 7. d4 O-O 8. Bd3 Bg4 9. Be2 Nc6 10. d5 Bxf3 11. Bxf3 Ne5 12. Be2 Qd7 {½-½ (36) Matlakov,M (2701)-Cheparinov,I (2689) Caleta 2017}) 5... d6 6. h4 $146 {[%emt 0:00:16] A10: English Opening: Unusual Replies for Black} ({Predecessor:} 6. g3 c5 7. Bg2 Nc6 8. O-O e5 9. Nd5 h6 10. Bxf6 Bxf6 11. a3 Be6 12. Ne1 O-O {1-0 (36) Lajthajm,B (2434)-Skoko,M (2161) Stari Banovci 2017}) 6... Nc6 7. e3 h6 ({Black should play} 7... Ng4 $15) 8. Bxf6 $1 $11 {[%emt 0:00:46] The position is equal.} Bxf6 9. Nd5 e6 10. Nxf6+ Qxf6 11. Rc1 (11. Qb3 $11) 11... O-O (11... Qxb2 $17 12. a4 b6) 12. c5 Bd7 (12... Qxb2 $15 13. d4 a6) 1/2-1/2

[Event "11th KIIT Festival 2018"]
[Site "Bhubaneswar"]
[Date "2018.05.29"]
[Round "7"]
[White "Raahul V S"]
[Black "Rathnakaran, K."]
[Result "0-1"]
[ECO "A42"]
[WhiteElo "2231"]
[BlackElo "2377"]
[Annotator "NA"]
[PlyCount "96"]
[EventDate "2018.??.??"]
[EventType "swiss"]
[EventCountry "IND"]
[SourceTitle "playchess.com"]
[Source "ChessBase"]
[SourceQuality "1"]
[TimeControl "5400+30"]

1. c4 g6 2. d4 Bg7 3. Nc3 d6 4. e4 Nc6 5. Be3 e5 6. dxe5 dxe5 7. Qxd8+ Kxd8 8. O-O-O+ Bd7 {[%emt 0:00:02] A42: Modern Defence: Averbakh Variation} 9. c5 Bh6 10. Bc4 Bxe3+ 11. fxe3 Nh6 12. Nf3 Kc8 13. Bb5 $146 ({Predecessor:} 13. Rd2 Be6 14. Bd5 Re8 15. Ng5 Nd8 16. Nxh7 {1-0 (27) Kozul,Z (2490)-Schneider,B (2200) Ptuj 1989}) 13... f6 14. Nd5 Ng8 15. Rhf1 Nb8 16. Be2 b5 17. Nh4 Na6 18. b4 Nb8 19. Rd3 ({But not} 19. Nxf6 $6 Nxf6 20. Rxf6 a5 $14) 19... a5 20. Ra3 Kb7 21. bxa5 Na6 22. Rc3 Nb8 23. Nxf6 (23. Kb2 $16) 23... Nxf6 24. Rxf6 Rxa5 25. a3 Bc6 26. Re6 Nd7 27. Nf3 Rha8 28. Kb2 ({Don't play} 28. Nxe5 $6 Nxe5 29. Rxe5 Rxa3 $11) 28... Ra4 $16 (28... Rf8 $142) 29. Nxe5 $2 (29. Rb3 $16) 29... b4 30. Rc4 Nxe5 31. Rxe5 Bb5 32. c6+ Kb6 33. Rxb5+ Kxb5 34. Rxb4+ Kc5 35. Rb3 Rxe4 36. Rc3+ Kd6 37. Rd3+ Ke6 38. Bf3 Rb8+ 39. Ka2 Re5 40. a4 Kf6 41. Bd5 Rf5 42. Rd2 Rf1 43. Bc4 Re1 44. Rd7 Rb4 45. Rf7+ Kg5 46. Bb5 Rxe3 47. Rxc7 Rf4 48. h4+ Kh6 0-1

[Event "11th KIIT Festival 2018"]
[Site "Bhubaneswar"]
[Date "2018.05.29"]
[Round "7"]
[White "Shiva Pavan Teja Sharma U"]
[Black "Shyaamnikhil P"]
[Result "0-1"]
[ECO "B40"]
[WhiteElo "2006"]
[BlackElo "2401"]
[Annotator "NA"]
[PlyCount "96"]
[EventDate "2018.??.??"]
[EventType "swiss"]
[EventCountry "IND"]
[SourceTitle "playchess.com"]
[Source "ChessBase"]
[SourceQuality "1"]
[TimeControl "5400+30"]

1. e4 c5 2. Nf3 a6 3. Nc3 e6 4. Be2 b5 {[%emt 0:04:05] B40: Sicilian: 2...e6, Unusual lines} (4... d6 5. d4 cxd4 6. Nxd4 Nf6 7. Be3 Qc7 8. Qd2 b5 9. f3 Nbd7 10. a3 h5 11. O-O Bb7 12. Rfd1 d5 13. exd5 Nxd5 14. Nxd5 Bxd5 15. Bf4 Bd6 16. Bxd6 Qxd6 {½-½ (29) Wei,Y (2740)-Ivanchuk,V (2732) Hoogeveen 2017}) 5. O-O Bb7 6. d3 d6 7. a4 b4 8. Nb1 Nc6 $146 ({Predecessor:} 8... Be7 9. Be3 Nd7 10. Nbd2 Ngf6 11. Ne1 d5 12. exd5 Nxd5 {0-1 (44) Lilja,R (2111)-Pedersen,G (2218) Helsingor 2011}) 9. b3 Be7 10. Bb2 Bf6 11. e5 Nxe5 12. Nxe5 Bxe5 13. Bxe5 dxe5 14. Nd2 Ne7 15. Bf3 Bxf3 16. Qxf3 O-O 17. Rae1 f6 18. Qh3 Nf5 19. Re4 Qd7 20. Nc4 Rad8 21. Rfe1 Nd4 22. Rc1 Qf7 23. Kf1 g6 24. Ke1 Qb7 $17 25. Na5 Qd5 26. Nc4 Qb7 27. Na5 Qd5 28. Nc4 Rf7 29. Kf1 Qb7 30. Ne3 Rff8 31. Nc4 Rfe8 32. Na5 Qg7 33. Nc4 Nc6 34. Ree1 Nd4 35. Re4 h5 36. Qe3 Kh7 37. Ke1 Rd5 38. Nb6 Qc7 39. Nxd5 exd5 40. Rh4 Nf5 41. Qh3 Nxh4 42. Qxh4 Kg7 43. Kd2 e4 44. Re1 Qe5 45. Qg3 Qc3+ 46. Kd1 exd3 47. Qc7+ Kh6 48. Qf4+ g5 0-1

[Event "11th KIIT Festival 2018"]
[Site "Bhubaneswar"]
[Date "2018.06.01"]
[Round "10"]
[White "Ziatdinov, Raset"]
[Black "Tran, Minh Thang"]
[Result "1-0"]
[ECO "B42"]
[WhiteElo "2281"]
[BlackElo "2404"]
[Annotator "ChessBase"]
[PlyCount "52"]
[EventDate "2018.??.??"]
[EventType "swiss"]
[EventCountry "IND"]
[SourceTitle "playchess.com"]
[Source "ChessBase"]
[SourceQuality "1"]
[TimeControl "5400+30"]

1. e4 c5 2. Nf3 e6 3. d4 cxd4 4. Nxd4 a6 5. Bd3 Qc7 6. O-O Nf6 7. c4 Nc6 8. Nxc6 dxc6 9. f4 e5 10. f5 Bc5+ 11. Kh1 b5 12. Nd2 Bd6 13. Nb3 c5 14. cxb5 c4 15. b6 Qxb6 16. Bxc4 Bb7 17. Qe2 Bxe4 18. Bg5 Bb7 19. Rad1 Ne4 20. Bh4 Nf6 21. Na5 Qxa5 22. Rxd6 Ke7 23. b4 Qxb4 24. Qxe5+ Kf8 25. Rfd1 Re8 26. Bxf6 gxf6 1-0